 Dungeon Crawl Stone Soup version 0.29-a0-284-gf9362112df (webtiles) character file.

Game seed: 435939669673678714

28 jmlagarto the Bolt Thrower (level 3, -1/32 HPs)
             Began as a Deep Dwarf Hunter on Mar 14, 2022.
             Was a High Priest of Ignis.
             Slain by a hobgoblin (4 damage)
             ... led by Robin
             ... on level 1 of the Dungeon.
             The game lasted 00:02:10 (811 turns).

jmlagarto the Bolt Thrower (Deep Dwarf Hunter)       Turns: 811, Time: 00:02:11

Health: -1/32      AC:  3    Str: 14    XL:     3   Next: 0%
Magic:  3/3        EV: 12    Int:  9    God:    Ignis [*****.]
Gold:   54         SH:  0    Dex: 18    Spells: 2/2 levels left

rFire   + . .      SeeInvis .   a - +1 hand crossbow
rCold   . . .      Faith    .   (no shield)
rNeg    . . .      Spirit   .   b - +0 leather armour
rPois   .          Reflect  .   (no helmet)
rElec   .          Harm     .   (no cloak)
rCorr   .          Rampage  .   (no gloves)
Will    .....                   (no boots)
Stlth   ++........              (no amulet)
HPRegen 0.00/turn               (no ring)
MPRegen 0.08/turn               (no ring)

@: brilliant, flying
A: damage resistance, heal wounds, sense surroundings 1, no regeneration
a: Heal Wounds, Renounce Religion, Fiery Armour, Foxfire Swarm, Rising Flame


You were on level 1 of the Dungeon.
You worshipped Ignis.
Ignis was extremely pleased with you.
You visited 1 branch of the dungeon, and saw 2 of its levels.

You collected 54 gold pieces.

Inventory:

Hand Weapons
 a - a +1 hand crossbow (weapon)
Armour
 b - a +0 leather armour (worn)
Jewellery
 h - a +6 ring of dexterity
Scrolls
 c - a scroll of immolation
 e - 3 scrolls of identify {unknown}
 f - 2 scrolls of vulnerability {unknown}
 g - a scroll of teleportation {unknown}
 i - a scroll of amnesia {unknown}
 k - a scroll of summoning {unknown}
Potions
 l - a potion of invisibility {unknown}


   Skills:
 + Level 2.0 Fighting
 + Level 5.2 Crossbows
 + Level 0.5 Armour
 + Level 2.2 Dodging
 + Level 1.2 Stealth


You had 2 spell levels left.
You didn't know any spells.
Your spell library was empty.

Dungeon Overview and Level Annotations

Branches:
Dungeon (2/15)

Altars:
Ignis

Annotations:
D:1 Robin


Innate Abilities, Weirdness & Mutations

You are resistant to damage.
You can heal yourself by infusing magical energy.
You passively map a small area around you.
You do not regenerate.


Message History

You shoot a bolt. The bolt closely misses Robin.
Robin hits you with a +0 club. The goblin hits you with a +0 club.
Shoot: a) +1 hand crossbow
Press: ? - help, Q - select action, (/) - cycle Shift-Dir - straight line, f/p - Robin
Aim: Robin, wielding a +0 club, wearing a +0 animal skin and wearing a +0 helmet (severely wounded, 72% to hit)
You shoot a bolt. The bolt hits Robin but does no damage.
Robin is severely wounded.
The hobgoblin hits you.
Robin roars a battlecry!
The goblin barely misses you.
Shoot: a) +1 hand crossbow
Press: ? - help, Q - select action, (/) - cycle Shift-Dir - straight line, f/p - Robin
Aim: Robin, wielding a +0 club, wearing a +0 animal skin and wearing a +0 helmet (severely wounded, 72% to hit)
You shoot a bolt. The bolt barely misses Robin.
A goblin comes into view. It is wielding a +0 club.
The hobgoblin hits you. Robin hits you with a +0 club.
The goblin hits you with a +0 club.
* * * LOW HITPOINT WARNING * * *
A hobgoblin comes into view.
A goblin comes into view. It is wielding a +0 club.
The hobgoblin barely misses you. Robin throws the goblin at you!
The goblin misses you.
It was a potion of brilliance.
You feel clever all of a sudden. The goblin closely misses you.
A goblin comes into view. It is wielding a +0 dagger of draining.
The goblin hits you but does no damage. The hobgoblin closely misses you.
Robin hits you with a +0 club.
* * * LOW HITPOINT WARNING * * *
The goblin barely misses you. The goblin hits you with a +0 club.
* * * LOW HITPOINT WARNING * * *
The hobgoblin misses you.
Robin roars a battlecry!
The hobgoblin goes into a battle-frenzy!
You climb upwards.
There is a stone staircase leading down here.
It was a potion of flight.
You feel very buoyant.
You fly up into the air.
The goblin closely misses you. The hobgoblin hits you.
You die...

#.........#...# ### ##
#.#######.#.#.# #.###.# #.#
#.#.#.# ##.P.#### #.# #.#.#.#
##.PP##.# #.# #.#.#.# ....P..##
########.# #.#.#.#
.......####......#.# #.#.#.#
....P.P#.##....gg#.#######.#.#.#
P.....P.#.......@#.#.....#.#.#.#
........##.....g.g.#.###.#.#.#.#
P..P..P.##.##.)....#.......#.#.#
P..P..PP##.##............###.#.#
###_######.##..........#.....#.#
.....PP.##.##......###.#######.#
.P....P.##+##......#.......(...#
P.PP..PP#..........#.#.#########
PP.P..PP#.....##.#.#.#.#


You could see Robin, a hobgoblin (strong) and 2 goblins.

Vanquished Creatures
  A dart slug (D:1)
  3 endoplasms (D:1)
  3 giant cockroaches (D:1)
  6 goblins
  3 hobgoblins
  A kobold (D:1)
  2 ball pythons (D:1)
  5 rats (D:1)
24 creatures vanquished.

Notes
Turn   | Place    | Note
-------+----------+-------------------------------------------
     0 | D:1      | jmlagarto the Deep Dwarf Hunter began the quest for the
                  | Orb.
     0 | D:1      | Reached XP level 1. HP: 19/19 MP: 1/1
   184 | D:1      | Reached XP level 2. HP: 26/26 MP: 2/2
   274 | D:1      | Reached skill level 5 in Crossbows
   325 | D:1      | Found a faded altar of an unknown god.
   774 | D:1      | Prayed at the altar of an unknown god.
   774 | D:1      | Became a worshipper of Ignis, the Dying Flame
   799 | D:2      | Noticed Robin
   802 | D:2      | Reached XP level 3. HP: 30/32 MP: 3/3
   811 | D:1      | Slain by a hobgoblin

Illustrated notes

Levels and vault maps discovered:
D:1:      dpeg_arrival_three_same_balls, layout_basic,
          shapermc_ecumenical_altar_gd, minmay_tall_x
D:2:      layout_loops_ring, basic_altar, serial_shops,
          nicolae_shop_bloodbath_and_beyond, uniq_robin

Skill      XL: |  1  2 |
---------------+-------+-----
Fighting       | 2 |  2.0
Crossbows      | 5 |  5.2
Armour         | |  0.5
Dodging        | |  2.2
Stealth        | |  1.2

Action                   || total
-------------------------++-------
 Fire: Hand crossbow     ||    76
  Use: Potion            ||     2
Armor: Leather armour    ||     6
Dodge: Dodged            ||    17

Table legend: (Time is in decaauts)
 A = Elapsed time spent in this place.
 B = Non-inter-level travel time spent in this place.
 C = Inter-level travel time spent in this place.
 D = Time resting spent in this place.
 E = Time spent auto-exploring this place.
 F = Levels seen in this place.
 G = Mean time per level.
                   A        B        C        D        E       F      G
               +--------+--------+--------+--------+--------+-----+--------+
         Total |    833 |    780 |     53 |      0 |    635 |   2 |  416.5 |
       Dungeon |    833 |    780 |     53 |      0 |    635 |   2 |  416.5 |
               +--------+--------+--------+--------+--------+-----+--------+

Top non-repeatable levels by time:
     D:1: 807 daAuts
     D:2: 25 daAuts
